 Dungeon Crawl Stone Soup version 0.31-a0-210-gccc998df9b (webtiles) character file.

Game seed: 3785977268441112587

1450676 ShadedKnight the Metallomancer (level 27, 280/283 (310) HPs)
             Began as an Octopode Earth Elementalist on Dec 31, 2020.
             Was the Champion of Ru.
             Escaped with the Orb
             ... and 3 runes on Oct 27, 2023!
             The game lasted 08:44:23 (96453 turns).

ShadedKnight the Metallomancer (OpEE)              Turns: 96453, Time: 08:44:24

HP:   280/283 (310) AC: 24    Str: 34    XL:     27
MP:   35/35         EV: 26    Int: 24    God:    Ru [******]
Gold: 3602          SH:  0    Dex: 33    Spells: 3/50 levels left

rFire   + +          .
                       - Unarmed
rCold   x . .        X - melded +2 hat {Will+}
rNeg    + . .        P - amulet "Fooc" {RegenMP rF+ Str+6}
rPois   +            W - +6 ring of dexterity
rElec   .            m - ring "Jojolesch" {Will+ AC+4}
rCorr   +            A - ring "Synegg" {rPois rN+ Int+2 SInv}
SInv    +            S - +6 ring of dexterity
Will    +++..        p - ring "Xayxtubb" {rC+ rCorr Str+6} Stlth
                     o - +6 ring of dexterity
HPRegen 0.67/turn    I - +4 ring of protection
MPRegen 0.64/turn

%: no passive effects
@: dragon-form (expiring), flying, studying Ranged Weapons, drained
A: dragon claw, dragon scales, breathe fire, flying, boosted hp, almost no
armour, amphibious, 7 rings, giant, (camouflage 1), low MP 1, (gelatinous body
1), missing a hand, no stealth, hated by all, cowardly, temperature sensitive,
(nimble swimmer 1), (tentacles), dopey 1
0: Orb of Zot
}: 3/15 runes: serpentine, barnacled, silver
a: Breathe Fire, End Transformation, Renounce Religion, Draw Out Power, Power
Leap, Apocalypse


You escaped.
You worshipped Ru.
Ru was exalted by your worship.
You were a fearsome dragon!
You visited 11 branches of the dungeon, and saw 53 of its levels.
You also visited: Trove, Sewer, Gauntlet, Ice Cave and Wizlab.

You collected 8913 gold pieces.
You spent 5311 gold pieces at shops.


Innate Abilities, Weirdness & Mutations

You are a fearsome dragon!
You have a powerful clawing attack.
Your giant scaled body is strong and resiliant, but less evasive.
You can breathe fire.
You are flying.
Your maximum health is greatly increased.
Your armour is entirely melded.
You are incapable of wielding weapons or throwing items.
You cannot wear most types of armour.
You are amphibious.
You can wear up to seven rings at the same time.
((Your skin changes colour to match your surroundings (Stealth+).))
Your magical capacity is low. (-10% MP)
((Your rubbery body absorbs attacks. (AC +1, EV +1)))
You are missing a hand.
You cannot be stealthy.
You are hated by all.
Your cowardice makes you less effective in combat with threatening foes.
You are sensitive to extremes of temperature. (rF-, rC-)
((You are camouflaged when in or above water. (Stealth+)))
((You have tentacles for arms and can constrict up to seven enemies at once.))
You are dopey. (Int -2)


   Skills:
 - Level 22.0 Fighting
 - Level 17.0 Dodging
 - Level 19.2 Unarmed Combat
 - Level 12.0 Spellcasting
 - Level 6.0 Conjurations
 - Level 5.0 Translocations
 + Level 22.3 Transmutations
 - Level 5.0 Fire Magic
 - Level 25.8 Earth Magic
 - Level 4.0 Evocations


You had 3 spell levels left.
You knew the following spells:

 Your Spells              Type           Power      Damage    Failure   Level
a - Vhi's Electric Charg  Tloc/Air       52%        N/A       4%          3
b - Stone Arrow           Conj/Erth      100%       3d13      1%          3
c - Passwall              Tmut/Erth      76%        N/A       0%          2
d - Lee's Rapid Deconstr  Erth           47%        3d23*     0%          5
e - Petrify               Tmut/Erth      92%        N/A       0%          4
f - Manifold Assault      Tloc           38%        N/A       5%          4
g - Leda's Unmaking       Conj/Erth      37%        9d6       1%          6
h - Statue Form           Tmut/Erth      61%        N/A       1%          6
i - Borgnjor's Vile Clut  Necr/Erth      33%        N/A       1%          5
k - Dragon Form           Tmut           44%        N/A       1%          7
G - Blink                 Tloc           76%        N/A       1%          2

Your spell library contained the following spells:

 Spells                   Type           Power      Damage    Failure   Level
 Sandblast                Erth           100%       2d20      0%          1
 Wereblood                Tmut           88%        N/A       0%          2
 Apportation              Tloc           76%        N/A       1%          1
 Foxfire                  Conj/Fire      100%       2x1d9     1%          1
 Kiss of Death            Conj/Necr      100%       2d13      1%          1
 Magic Dart               Conj           100%       1d8       1%          1
 Shock                    Conj/Air       100%       1d9       1%          1
 Lesser Beckoning         Tloc           76%        N/A       1%          2
 Searing Ray              Conj           86%        2d7       1%          2
 Static Discharge         Conj/Air       56%        2-5/arc   1%          2
 Gell's Gravitas          Tloc           38%        N/A       1%          3
 Volatile Blastmotes      Fire/Tloc      76%        2d16      1%          3
 Dazzling Flash           Conj/Hex       56%        N/A       3%          3
 Hailstorm                Conj/Ice       28%        3d8       3%          3
 Animate Skeleton         Necr           28%        N/A       4%          1
 Necrotise                Necr           56%        1d6       4%          1
 Pain                     Necr           56%        1d6       4%          1
 Inner Flame              Hex/Fire       26%        N/A       4%          3
 Portal Projectile        Hex/Tloc       52%        N/A       4%          3
 Mephitic Cloud           Conj/Pois/Air  24%        N/A       5%          3
 Cigotuvi's Dreadful Rot  Necr/Pois/Air  28%        N/A       6%          2
 Ensorcelled Hibernation  Hex/Ice        28%        N/A       6%          2
 Poisonous Vapours        Pois/Air       28%        N/A       6%          2
 Sublimation of Blood     Necr           14%        N/A       6%          2
 Confusing Touch          Hex            14%        N/A       13%         3
 Frozen Ramparts          Ice            28%        1d5       13%         3
 Swiftness                Air            14%        N/A       13%         3
 Vampiric Draining        Necr           14%        2d7       13%         3
 Blade Hands              Tmut           44%        N/A       0%          5
 Ice Form                 Ice/Tmut       61%        N/A       1%          4
 Alistair's Intoxication  Tmut/Pois      40%        N/A       1%          5
 Bolt of Magma            Conj/Fire/Erth 32%        4d14      1%          5
 Irradiate                Conj/Tmut      35%        3d23      1%          5
 Flame Wave               Conj/Fire      40%        2d11      4%          4
 Iskenderun's Mystic Bla  Conj/Tloc      40%        2d9       4%          4
 Sticky Flame             Conj/Fire      40%        2d6       4%          4
 Passage of Golubria      Tloc           38%        N/A       5%          4
 Eringya's Noxious Bog    Tmut/Pois      30%        N/A       7%          6
 Iskenderun's Battlesphe  Conj           43%        2d9       10%         5
 Shatter                  Erth           47%        3d36*     11%         9
 Fulminant Prism          Conj/Hex       14%        3d9       12%         4
 Arcjolt                  Conj/Air       14%        1d24      34%         5
 Lightning Bolt           Conj/Air       14%        1d27      34%         5
 Storm Form               Tmut/Air       30%        N/A       36%         7
 Airstrike                Air            7%         2d(1-17)  38%         4
 Anguish                  Hex/Necr       7%         N/A       38%         4
 Cause Fear               Hex            7%         N/A       38%         4
 Dispel Undead            Necr           14%        3d10      38%         4
 Olgreb's Toxic Radiance  Pois           14%        N/A       38%         4
 Lehudib's Crystal Spear  Conj/Erth      37%        10d9      38%         8
 Freezing Cloud           Conj/Ice/Air   12%        6-21      45%         5
 Starburst                Conj/Fire      20%        6d7       56%         6
 Dispersal                Tloc           19%        N/A       63%         6
 Agony                    Necr           14%        N/A       75%         5
 Metabolic Englaciation   Hex/Ice        7%         N/A       75%         5
 Silence                  Hex/Air        7%         N/A       75%         5
 Conjure Ball Lightning   Conj/Air       14%        3x3d6     88%         6
 Orb of Destruction       Conj           21%        9d8       97%         7
 Invisibility             Hex            7%         N/A       100%        6
 Enfeeble                 Hex            7%         N/A       100%        7
 Ozocubu's Refrigeration  Ice            7%         4d9       100%        7
 Discord                  Hex            7%         N/A       100%        8
 Disjunction              Tloc           19%        N/A       100%        8
 Ignition                 Fire           19%        3d7       100%        8
 Maxwell's Capacitive Co  Air            7%         ∞         100%        8
 Chain Lightning          Conj/Air       14%        3d18      100%        9
 Fire Storm               Conj/Fire      20%        8d5       100%        9
 Call Imp                 Summ           Unusable   N/A       N/A         2
 Summon Guardian Golem    Hex/Summ       Unusable   N/A       N/A         3
 Animate Dead             Necr           Unusable   N/A       N/A         4
 Summon Ice Beast         Ice/Summ       Unusable   N/A       N/A         4
 Death Channel            Necr           Unusable   N/A       N/A         6
 Simulacrum               Ice/Necr       Unusable   N/A       N/A         6
 Malign Gateway           Summ/Tloc      Unusable   N/A       N/A         7
 Spellforged Servitor     Conj/Summ      Unusable   N/A       N/A         7
 Summon Hydra             Summ           Unusable   N/A       N/A         7

Inventory:

Hand Weapons
 a - the +8 whip "Snakebite" {venom, curare, rPois}
   (You found it on level 2 of the Lair of Beasts)

   rPois:     It protects you from poison.
Missiles
 y - 12 curare-tipped darts
 E - 5 throwing nets
Armour
 X - a +2 hat of willpower (melded)
Jewellery
 d - a ring of protection from fire
 j - the ring "Suess" {Fire +Blink Will++}
   (You found it on level 3 of the Crypt)

   [ring of fire]

   It enhances your fire magic.
   rF:        It protects you from fire.
   rC:        It makes you vulnerable to cold.
   +Blink:    It lets you blink.
   Will:      It greatly increases your willpower.
 m - the ring "Jojolesch" (right foreclaw) {Will+ AC+4}
   (You bought it in a shop on level 2 of the Elven Halls)

   [ring of protection]

   AC:        It affects your AC (+4).
   Will:      It increases your willpower.
 o - a +6 ring of dexterity (on tentacle)
 p - the ring "Xayxtubb" (on tentacle) {rC+ rCorr Str+6}
   (You took it off a deep elf zephyrmancer on level 3 of the Elven Halls)

   [ring of resist corrosion]

   Str:       It affects your strength (+6).
   rC:        It protects you from cold.
   rCorr:     It protects you from acid and corrosion.
 r - a +4 ring of protection
 A - the ring "Synegg" (on tentacle) {rPois rN+ Int+2 SInv}
   (You took it off a deep elf death mage on level 3 of the Elven Halls)

   [ring of see invisible]

   Int:       It affects your intelligence (+2).
   rPois:     It protects you from poison.
   rN:        It protects you from negative energy.
   SInv:      It lets you see invisible.
 I - a +4 ring of protection (on tentacle)
 P - the amulet "Fooc" (around neck) {RegenMP rF+ Str+6}
   (You found it in a treasure trove)

   [amulet of magic regeneration]

   It increases your rate of magic regeneration.
   Str:       It affects your strength (+6).
   rF:        It protects you from fire.
 S - a +6 ring of dexterity (on tentacle)
 W - a +6 ring of dexterity (left foreclaw)
Wands
 b - a wand of light (18)
 F - a wand of flame (65)
 G - a wand of digging (11)
 J - a wand of iceblast (70)
 M - a wand of paralysis (32)
 N - a wand of polymorph (47)
 Q - a wand of acid (37)
 Z - a wand of mindburst (37)
Scrolls
 e - 4 scrolls of revelation
 f - 3 scrolls of blinking
 g - a scroll of holy word
 n - 27 scrolls of teleportation
 t - 7 scrolls of poison
 w - 14 scrolls of amnesia
 B - 8 scrolls of fog
 H - 10 scrolls of immolation
 K - 3 scrolls of vulnerability
 U - 6 scrolls of fear
Potions
 c - 5 potions of enlightenment
 h - 5 potions of haste
 i - 3 potions of magic
 k - 6 potions of mutation
 l - 12 potions of ambrosia
 q - 6 potions of brilliance
 s - 18 potions of curing
 u - 9 potions of attraction
 v - 6 potions of resistance
 x - 3 potions of cancellation
 C - 8 potions of berserk rage
 D - 4 potions of invisibility
 O - a potion of might
 V - 6 potions of lignification
 Y - 3 potions of heal wounds
Miscellaneous
 z - a phial of floods
 L - a lightning rod (4/4)
 R - a tin of tremorstones (2/2)
 T - a condenser vane

Dungeon Overview and Level Annotations

Branches:
Dungeon (15/15)            Temple (1/1) D:7            Lair (6/6) D:9
 Shoals (4/4) Lair:2        Snake (4/4) Lair:2        Slime (0/5) Lair:5
    Orc (2/2) D:9             Elf (3/3) Orc:2        Vaults (5/5) D:14
  Crypt (3/3) Vaults:2       Tomb (0/3) Crypt:3      Depths (5/5) D:15
    Zot (5/5) Depths:4      Sewer (visited)           IceCv (visited)
 WizLab (visited)         Gauntlet (visited)

Altars:
Ashenzari
Cheibriados
Dithmenos
Elyvilon
Gozag
Kikubaaqudgha
Makhleb
Nemelex Xobeh
Okawaru
Qazlal
Ru
Sif Muna
Trog
Uskayaw
Vehumet
Wu Jian
Xom
Zin
The Shining One

Shops:
Orc:2 (*[=[(![*   Elf:1 =:=   Elf:2 =   Shoals:4 *   Snake:1 *   Snake:2 [
Snake:4 ::   Vaults:4 [*?[   Depths:1 :   Depths:2 *   Depths:3 !   Depths:5 :

Portals:
Hell: Lair:6 Depths:1 Depths:2 Depths:3 Depths:4 Depths:5
Abyss: Depths:1 Depths:2 Depths:3 Depths:4
Pandemonium: Depths:2 Depths:4
Ziggurat: Depths:1

Annotations:
D:4 1 runed translucent door, bobarctor's ghost, amateur DEWz
D:8 exclusion: orc priest
D:10 Nergalle
D:11 exclusion: boulder beetle
Lair:4 1 runed translucent door, Goemiynn's ghost, journeyman OgTm
Shoals:3 finalsalamander's ghost, adept HOMo
Elf:1 3 runed translucent doors
Vaults:3 2 runed translucent doors
Depths:1 8 runed translucent doors

########## #.# #........# #.####
#........# #...#. #........#
#.#.#. #........# #.#.#.
##........####### #.#.#.
..........##....# #####.#.#.
..........##.##.### #.....#...
......>......#..D.# #.........
..........##.#....# #.....####
....#........##'#'## #####.#...
....#.#####.....#..####### #.#...
..(.#..## #.....##..##...###.#...
....#...###.....##.........#.#...
....#.#...#.....###........#.#...
###.#.###.......# ###.....##.#.##
# #.#.# #.#.....############....#


There were no monsters in sight!


Message History

There is a stone staircase leading down here!
There is a stone staircase leading up, spattered with blood here!
You fly upwards!
There is a stone staircase leading down here!
Items here: )) [ ÷!
A seraph comes into view!
It is wielding a +3 great sword of flaming!
The seraph shouts!!!
You hear a shout!!!
You redirect the seraph's attack!!!
You feel a twist of horror at the sight of this foe!
Press: ? - help, ! - travel You can't see that place! [the floor!] Unknown command!
You feel a twist of horror at the sight of this foe!
The seraph begins to attack, but is stunned by your conviction!!!
There is a stone staircase leading up here!
You fly upwards!
There is a stone staircase leading down here!
(D) Dungeon (T) Temple (L) Lair (A) Shoals (P) Snake Pit (M) Slime Pits (O) Orcish Mines (E) Elven Halls (V) Vaults (C) Crypt (W) Tomb (U) Depths (H) Hell (Z) Zot
Where to? (Enter - D:1 @ (x,y), ? - help)
What level of the Dungeon? (default 1, ? - help)
There is a stone staircase leading up here!
You fly upwards!
There is a stone staircase leading down here!
There is a staircase leading out of the dungeon here!
Your transformation is almost over!
You have escaped!!!

Skill      XL: |  1  2  3  4  5  6  7  8  9 10 11 12 13 14 15 16 17 18 19 20 21 22 23 24 25 26 27 |
---------------+----------------------------------------------------------------------------------+-----
Fighting       | 1 2 4 5 6 9 10 12 13 16 18 20 21 22 | 22.0
Earth Magic    | 4 5 6 8 9 12 14 15 16 18 20 22 23 25 | 25.8
Dodging        | 4 5 9 10 12 13 15 17 | 17.0
Evocations     | 4 |  4.0
Stealth        | 0 |  0.0
Spellcasting   | 6 10 11 12 | 12.0
Conjurations   | 6 |  6.0
Fire Magic     | 5 |  5.0
Transmutations | 2 4 8 13 17 18 20 22 | 22.3
Unarmed Combat | 5 12 16 19 | 19.2
Translocations | 4 5 |  5.0

Action                     |  1- 3 |  4- 6 |  7- 9 | 10-12 | 13-15 | 16-18 | 19-21 | 22-24 | 25-27 || total
---------------------------+-------+-------+-------+-------+-------+-------+-------+-------+-------++-------
  Melee: Unarmed           |    12 |       |       |       |       |       |       |   258 |  1074 ||  1344
         Constrict         |    13 |    27 |    50 |    29 |    19 |    16 |   154 |    72 |    19 ||   399
         Pseudopods        |     8 |    10 |    42 |    42 |    49 |    45 |    25 |       |       ||   221
         Dagger            |    45 |    86 |   177 |   128 |       |       |       |       |       ||   436
         Whip              |       |       |       |    25 |   156 |   116 |   683 |   634 |       ||  1614
         Tentacles         |       |       |       |       |       |       |   281 |   306 |    51 ||   638
         Punch             |       |       |       |       |       |       |    15 |    22 |   166 ||   203
         Tailslap          |       |       |       |       |       |       |       |    77 |   259 ||   336
         Bite              |       |       |       |       |       |       |       |    55 |   178 ||   233
   Cast: Sandblast         |    11 |    21 |    64 |    98 |   169 |    67 |    15 |     1 |       ||   446
         Stone Arrow       |       |     1 |    35 |    36 |    88 |    54 |    21 |     6 |       ||   241
         Lee's Rapid Decon |       |       |    11 |   110 |   218 |   488 |   146 |   194 |    13 ||  1180
         Petrify           |       |       |       |       |    35 |    31 |    11 |     6 |       ||    83
         Iskenderun's Batt |       |       |       |       |     2 |    12 |    12 |     1 |     1 ||    28
         Bolt of Magma     |       |       |       |       |       |    61 |   121 |       |       ||   182
         Borgnjor's Vile C |       |       |       |       |       |    32 |    62 |   101 |    14 ||   209
         Statue Form       |       |       |       |       |       |    11 |    91 |    71 |    15 ||   188
         Foxfire           |       |       |       |       |       |       |    12 |     2 |     1 ||    15
         Blink             |       |       |       |       |       |       |     1 |     1 |       ||     2
         Dragon Form       |       |       |       |       |       |       |       |    30 |    92 ||   122
         Leda's Unmaking   |       |       |       |       |       |       |       |       |    16 ||    16
         Vhi's Electric Ch |       |       |       |       |       |       |       |       |    15 ||    15
         Manifold Assault  |       |       |       |       |       |       |       |       |     8 ||     8
         Passwall          |       |       |       |       |       |       |       |       |     2 ||     2
 Invoke: Draw Out Power    |       |       |       |    10 |     6 |    17 |     1 |     3 |     1 ||    38
         Sacrifice a Hand  |       |       |       |     1 |       |       |       |       |       ||     1
         Power Leap        |       |       |       |     1 |    23 |     8 |     3 |     3 |     2 ||    40
         Sacrifice Courage |       |       |       |     1 |       |       |       |       |       ||     1
         Sacrifice Resista |       |       |       |     1 |       |       |       |       |       ||     1
         Sacrifice Stealth |       |       |       |     1 |       |       |       |       |       ||     1
         Apocalypse        |       |       |       |       |    18 |    13 |    16 |    19 |     4 ||    70
         Sacrifice Essence |       |       |       |       |     1 |       |       |       |       ||     1
         Sacrifice Love    |       |       |       |       |     1 |       |       |       |       ||     1
Ability: End Transformatio |       |       |       |       |       |     1 |     5 |     4 |     1 ||    11
         Breathe Fire      |       |       |       |       |       |       |       |     2 |       ||     2
  Evoke: Wand              |       |       |     7 |     8 |    24 |    12 |     8 |     4 |     5 ||    68
         Lightning rod     |       |       |       |     6 |    10 |     8 |     6 |     7 |       ||    37
         Tin of tremorston |       |       |       |     2 |     2 |     1 |     3 |       |       ||     8
         Phial of floods   |       |       |       |       |     3 |     3 |     2 |     2 |       ||    10
         Condenser vane    |       |       |       |       |     1 |     2 |     1 |     1 |     1 ||     6
    Use: Scroll            |       |     3 |     1 |    17 |     9 |     8 |     5 |     6 |    12 ||    61
         Potion            |       |       |       |     4 |     4 |     6 |    10 |    10 |     2 ||    36
   Stab: Sleeping          |    11 |    11 |     7 |     4 |       |       |       |       |       ||    33
         Distracted        |       |     1 |       |     4 |       |     1 |    10 |     9 |     4 ||    29
         Paralysed         |       |       |       |     1 |     5 |     3 |    19 |    21 |     3 ||    52
         Petrified         |       |       |       |       |    17 |     2 |     6 |       |       ||    25
         Petrifying        |       |       |       |       |     1 |       |       |       |       ||     1
         Invisible         |       |       |       |       |       |     1 |     2 |    11 |     7 ||    21
         Confused          |       |       |       |       |       |       |       |       |     1 ||     1
 Armour: Skin              |     3 |     1 |     9 |     3 |     7 |    70 |   353 |   455 |   231 ||  1132
  Dodge: Dodged            |    38 |    57 |   176 |   131 |   220 |   429 |  1120 |  1633 |   654 ||  4458

Levels and vault maps discovered:
D:1:      dpeg_arrival_ratfight, layout_basic
D:2:      layout_rooms, yredelemnul_altar_generic, fedhas_ov_isle_minmay,
          uniq_sigmund
D:3:      layout_rooms, chequers_temple_overflow_statue_of_worship,
          nicolae_qazlal_general_emergency, portal_sewer_entry_a,
          lemuel_another_geyser, uniq_jessica, uniq_terence
D:4:      layout_rooms, lemuel_round_altar, gammafunk_ghost_grave, minivault_23,
          saegor_snake_ambush
D:5:      layout_loops_corners, nicolae_overflow_hidden_temple,
          serial_bayou_pond_a, uniq_ijyb
D:6:      layout_gridville, grunt_temple_overflow_lords_of_destruction,
          grunt_ministairs_2, uniq_edmund
D:7:      minmay_cornered_nines, layout_basic, minmay_temple_entry_large_hall,
          gammafunk_ghost_cemetery, nicolae_lava_and_water
D:8:      layout_basic, lemuel_round_altar, serial_co_window_serial,
          co_window_paths_a, co_window_corner_a, co_window_paths_a,
          co_window_of_opportunity_a, co_window_corner_a, co_window_corner_cb,
          co_window_unsneaky_path_a, co_window_corner_b, co_window_cross_4,
          co_window_corner_cb, glass_columns_b, glass_columns_c, glass_columns_b
D:9:      layout_roguey, erik_lair_orcish_takeover, erik_orc_2,
          chequers_serial_rivers_small_a, kennysheep_path_1, minmay_between
D:10:     layout_irregular_city, minivault_24, uniq_nergalle
D:11:     layout_basic, enter_trove_0, uniq_gastronok, uniq_maurice
D:12:     layout_rooms, gauntlet_entry_generic, kennysheep_boxes
D:13:     layout_small_grid, kennysheep_generic_room_14, uniq_kirke
D:14:     layout_gridville, david_vaults_4, minivault_11, amcnicky_altar_gilded
D:15:     grunt_enter_depths_magical_seal, layout_cave_pools, special_room
          [special_room_bee], serial_bayou_pond_a
Temple:   nicolae_temple_figure_eight
Lair:1:   dpeg_oklob_gauntlet, layout_cave_pods, st_stairs_12, minivault_27,
          serial_bayou_shore_a
Lair:2:   minmay_guarded_unrand_snakebite, layout_misc_corridors,
          shoals_dummy_entry, guppyfry_snake_entry_garden, grunt_megastairs_4
Lair:3:   layout_cave_pods
Lair:4:   layout_layer_cave, gammafunk_ghost_grave
Lair:5:   layout_cellular_growth, slime_altar_2
Lair:6:   evil_forest, layout_gridlike, columned_hall_lemuel, worms_lemuel
Shoals:1: layout_shoals
Shoals:2: layout_shoals, lightli_airlock
Shoals:3: layout_shoals, gammafunk_ghost_cemetery, uniq_bai_suzhen
Shoals:4: shoals_end_hangedman, layout_shoals, nicolae_alphabet_shops,
          nicolae_shoals_kraken_intersection
Snake:1:  layout_misc_corridors, special_room, serial_shops, shop,
          portal_ice_cave_entry_pillars_2, grunt_megastairs_2
Snake:2:  layout_chambers, serial_shops, shop, uniq_vashnia
Snake:3:  layout_rooms, nicolae_snake_double_loop
Snake:4:  snake_pit, layout_gridlike, minmay_shoptagon, grunt_megastairs_5,
          uniq_louise
Orc:1:    layout_caves, enter_bailey_4
Orc:2:    st_orc_pillars, layout_caves, serial_shops, shop, nicolae_shop_stone,
          shop, nicolae_shop_stone, nicolae_shop_stone, minmay_orc_keep
Elf:1:    nicolae_elf_arrival_dilemma, layout_geoelf_grid,
          minmay_elf_annihilation, minmay_shop_grove
Elf:2:    elven_hall_of_blades_hangedman_alternative
          [infiniplex_blade_entry_pillars], layout_onion_city,
          minmay_shop_enchanted_jewellery, uniq_saint_roka
Elf:3:    minmay_elf_hall_circle, layout_geoelf_grid
Vaults:1: nicolae_vaults_halls_meeting, vaults_room_corners,
          nicolae_vaults_stepped_doors, vaults_room_pool, vaults_mumra_hexcomb,
          nicolae_vaults_tetromino_L_1, v_misc_9, ontoclasm_vaults_eye,
          vaults_dpeg_diagonal, nicolae_vaults_trapezoid_4,
          nicolae_vaults_storage_closets_3, ontoclasm_vaults_hangar,
          nicolae_vaults_trapezoid_lopsided_3, ontoclasm_vaults_twist,
          nicolae_vaults_trapezoid_layered, layout_vaults_omnibox, uniq_zenata
Vaults:2: v_pattern_1, v_alt_pattern_1, vaults_dpeg_hooks, v_misc_19,
          v_alt_pattern_5, minmay_crypt_entry_nasty_monster,
          hangedman_vaults_stretched_pinwheel, nicolae_vaults_network_periphery,
          nicolae_vaults_six-pack, nicolae_vaults_six-pack,
          layout_vaults_chaotic_city
Vaults:3: advil_vaults_ghost_lines, nicolae_vaults_little_squares_3,
          ontoclasm_vaults_pinch, nicolae_vaults_yaktaur_gun_rack,
          layout_vaults_omnigrid, uniq_jory, uniq_margery, uniq_boris
Vaults:4: nicolae_vaults_three_branches, nicolae_vaults_two_Ls, v_pattern_5,
          vaults_room_octagon, nicolae_vaults_six-pack,
          nicolae_vaults_tetromino_T_1, hangedman_vaults_river_flow,
          vaults_standard_mumra_x, nicolae_vaults_sightless_eye,
          grunt_vaults_hallway_long, vaults_dpeg_cross,
          nicolae_vaults_ring_of_whatevers, layout_vaults_omnicross,
          serial_shops, nicolae_shop_stone, nicolae_lakefront_shop,
          shop_scrolls, nicolae_shop_tiny_real_fake_doors
Vaults:5
Crypt:1:  layout_chaotic_city, serial_glass, glass_columns_c, glass_columns_c,
          glass_columns_a, glass_columns_c, glass_columns_a, glass_columns_c,
          glass_columns_a, glass_columns_c, glass_columns_b, glass_columns_a,
          glass_columns_c, glass_columns_b, glass_columns_b, glass_columns_b,
          item_on_display_a, item_on_display_a, due_unseen_surprise,
          item_on_display_a
Crypt:2:  layout_catacombs, mu_enter_wizlab_5
Crypt:3:  quadcrypt_mu
Depths:1: minmay_five_octagons, layout_cave_shapes, enter_ziggurat_e,
          hangedman_glass_teeth, serial_shops, shop, grunt_hell_entry_dis_grunt,
          abyss_entry, grunt_decor_mini_mirrors, nicolae_elyvilon_temple_path
Depths:2: minmay_complete_graph, layout_cave_shapes, rand_demon_pan_entry_1,
          hell_entry, serial_glass, glass_columns_c, glass_columns_a,
          abyss_entry_crystal, kennysheep_nub, nicolae_elemental_shop,
          infiniplex_staircase_squiggle, uniq_sojobo, uniq_aizul
Depths:3: grunt_arcs, layout_gridlike, good_gods_mini_temple,
          marbit_kobold_abyss_entry, serial_shops, nicolae_shop_back_alley_shop,
          pf_coc_iceberg
Depths:4: vault_1, layout_honeycomb, abyss_entry, pf_vacation_house_of_asmodeus,
          grunt_pan_entry_zigzag, hangedman_decor_growths
Depths:5: grunt_zot_entry_pinwheel, layout_basic, hangedman_decor_push,
          special_room [special_room_mythical_zoo], grunt_mini_vestibule,
          nicolae_rare_books
Zot:1:    layout_cathedral_of_symmetry, hangedman_player_shredder
Zot:2:    layout_onion, st_large_dragon_hoard_3, grunt_megastairs_1,
          uniq_josephina
Zot:3:    lemuel_acid_trip, layout_concentric_octagons
Zot:4:    nicolae_moth_party, layout_concentric_octagons
Zot:5:    layout_onion, hangedman_zot_decor_unnerving_road, st_stairs_12

Notes
Turn   | Place    | Note
-------+----------+-------------------------------------------
     0 | D:1      | ShadedKnight the Octopode Earth Elementalist began the
                  | quest for the Orb.
     0 | D:1      | Reached XP level 1. HP: 11/11 MP: 3/3
   283 | D:1      | Reached skill level 1 in Fighting
   283 | D:1      | Reached XP level 2. HP: 16/18 MP: 3/5
   817 | D:2      | Reached XP level 3. HP: 18/24 MP: 3/6
   938 | D:2      | Found a blossoming altar of Fedhas.
   941 | D:2      | Noticed Sigmund
  1008 | D:2      | Learned a level 3 spell: Stone Arrow
  1158 | D:2      | Found a basalt altar of Yredelemnul.
  1178 | D:2      | Killed Sigmund
  1179 | D:2      | Reached skill level 4 in Earth Magic
  1179 | D:2      | Reached XP level 4. HP: 3/33 MP: 0/7
  1179 | D:2      | Reached XP level 5. HP: 4/37 MP: 0/8
  1711 | D:3      | Noticed Terence
  1762 | D:3      | Found a stormy altar of Qazlal.
  1813 | D:3      | Reached XP level 6. HP: 44/44 MP: 6/9
  1892 | D:3      | Found a glowing drain.
  1896 | D:3      | Noticed Jessica
  1948 | Sewer    | Entered a sewer
  2360 | D:3      | Killed Jessica
  2406 | D:3      | Found a hide-covered altar of Uskayaw.
  2406 | D:3      | Found a snail-covered altar of Cheibriados.
  2413 | D:3      | Killed Terence
  2565 | D:3      | Reached skill level 5 in Fighting
  3343 | D:4      | Reached skill level 5 in Earth Magic
  3372 | D:4      | Reached XP level 7. HP: 44/50 MP: 5/10
  3652 | D:4      | Found a white marble altar of Elyvilon.
  3726 | D:4      | Found a runed translucent door.
  3726 | D:4      | Noticed bobarctor's ghost (amateur DEWz)
  4402 | D:4      | Reached skill level 6 in Earth Magic
  4662 | D:5      | Entered Level 5 of the Dungeon
  4841 | D:5      | Reached XP level 8. HP: 55/55 MP: 4/11
  5023 | D:5      | Noticed Ijyb
  5029 | D:5      | Killed Ijyb
  5047 | D:5      | Reached skill level 5 in Dodging
  5085 | D:5      | Reached skill level 7 in Earth Magic
  5306 | D:5      | Found a shadowy altar of Dithmenos.
  5388 | D:5      | Learned a level 2 spell: Passwall
  5394 | D:5      | Learned a level 5 spell: Lee's Rapid Deconstruction
  6469 | D:6      | Found a radiant altar of Vehumet.
  6470 | D:6      | Found a burning altar of Makhleb.
  6475 | D:6      | Reached skill level 8 in Earth Magic
  6518 | D:6      | Noticed Edmund
  6521 | D:6      | Reached XP level 9. HP: 61/63 MP: 12/12
  6531 | D:6      | Killed Edmund
  7172 | D:7      | Found a staircase to the Ecumenical Temple.
  7185 | Temple   | Entered the Ecumenical Temple
  8221 | D:7      | Found a runed translucent gate.
  8221 | D:7      | Found a runed translucent gate.
  8221 | D:7      | Found a runed translucent gate.
  8223 | D:7      | Noticed mhtbhm's ghost (novice GrFi)
  8223 | D:7      | Noticed biomisha's ghost (novice HOMo)
  8919 | D:8      | Reached skill level 9 in Earth Magic
  9402 | D:8      | Found a sacrificial altar of Ru.
  9708 | D:8      | Became a worshipper of Ru the Awakened
 10543 | D:9      | Upgraded the game from 0.26-a0-1222-g14533b3512 to
                  | 0.27-a0-156-gbcd94eb011
 10690 | D:9      | Found a staircase to the Lair.
 10936 | D:9      | Reached XP level 10. HP: 74/74 MP: 5/13
 11125 | D:9      | Reached skill level 10 in Earth Magic
 11443 | D:9      | Upgraded the game from 0.27-a0-156-gbcd94eb011 to
                  | 0.27-a0-328-g7f782ed93a
 12831 | D:9      | Reached skill level 11 in Earth Magic
 13593 | D:9      | Found a staircase to the Orcish Mines.
 13595 | D:9      | Reached skill level 12 in Earth Magic
 13670 | D:10     | Entered Level 10 of the Dungeon
 13717 | D:10     | Noticed Nergalle
 14117 | Lair:1   | Entered Level 1 of the Lair of Beasts
 14134 | Lair:1   | Noticed a four-headed hydra
 14762 | D:10     | Gained mutation: You are missing a hand. [Ru sacrifice]
 14762 | D:10     | Reached * piety under Ru
 14762 | D:10     | Reached ** piety under Ru
 14762 | D:10     | Reached *** piety under Ru
 15820 | D:10     | Reached XP level 11. HP: 78/80 MP: 3/14
 15831 | D:10     | Reached skill level 13 in Earth Magic
 16497 | D:11     | Noticed Gastronok
 16533 | D:11     | Found a portal to a secret trove of treasure.
 16560 | D:11     | Noticed Maurice
 16566 | D:11     | Killed Maurice
 16567 | D:11     | Reached skill level 1 in Evocations
 16590 | Trove    | Entered a treasure trove
 16606 | Trove    | Identified the Catalogue of Aerial Combat Magic
 16611 | Trove    | Got a glittering ivory ring
 16612 | Trove    | Gained mutation: You are sensitive to extremes of
                  | temperature. (rF-, rC-) [Ru sacrifice]
 16616 | Trove    | Got a wavering garnet amulet
 16925 | D:11     | Identified the ring "Rasueng" {Ice +Fly rElec Int-2} (You
                  | found it in a treasure trove)
 16928 | D:11     | Identified the amulet "Fooc" {RegenMP rF+ Str+6} (You found
                  | it in a treasure trove)
 16961 | D:11     | Noticed a boulder beetle
 17424 | Orc:1    | Entered Level 1 of the Orcish Mines
 17424 | Orc:1    | Noticed an orc warlord
 17424 | Orc:1    | Noticed an orc sorcerer
 17424 | Orc:1    | Noticed an orc warlord
 17541 | Lair:1   | Killed a four-headed hydra
 18136 | Lair:1   | Noticed a six-headed hydra
 18189 | Lair:1   | Killed a six-headed hydra
 18190 | Lair:1   | Reached skill level 14 in Earth Magic
 18654 | Lair:1   | Gained mutation: Your cowardice makes you less effective in
                  | combat with threatening foes. [Ru sacrifice]
 18654 | Lair:1   | Reached **** piety under Ru
 18829 | Lair:1   | Noticed an oklob plant
 19332 | Lair:1   | Killed an oklob plant
 19642 | Lair:2   | Found a staircase to the Shoals.
 19648 | Lair:2   | Noticed a seven-headed hydra
 19659 | Lair:2   | Killed a seven-headed hydra
 19760 | Lair:2   | Reached skill level 10 in Fighting
 19833 | Lair:2   | Reached XP level 12. HP: 87/87 MP: 4/15
 20084 | Lair:2   | Found a staircase to the Snake Pit.
 20535 | Lair:2   | Upgraded the game from 0.27-a0-328-g7f782ed93a to
                  | 0.27-a0-512-g57cc695410
 20552 | Lair:2   | Noticed a five-headed hydra
 20677 | Lair:2   | Killed a five-headed hydra
 22006 | Lair:2   | Gained mutation: You cannot be stealthy. [Ru sacrifice]
 22261 | Lair:2   | Found the +8 whip "Snakebite" {curare, rPois}
 22978 | Lair:3   | Noticed a six-headed hydra
 22988 | Lair:3   | Killed a six-headed hydra
 23549 | Lair:3   | Reached XP level 13. HP: 90/97 MP: 5/16
 24210 | Lair:3   | Upgraded the game from 0.27-a0-512-g57cc695410 to
                  | 0.27-a0-773-gaaee5cf45b
 24346 | Lair:3   | Gained mutation: Your magical capacity is low. (-10% MP)
                  | [Ru sacrifice]
 24346 | Lair:3   | Reached ***** piety under Ru
 24986 | Lair:4   | Reached skill level 10 in Dodging
 26713 | Lair:4   | Found a runed translucent door.
 26715 | Lair:4   | Noticed Goemiynn's ghost (journeyman OgTm)
 26800 | Lair:4   | Gained mutation: You are hated by all. [Ru sacrifice]
 26800 | Lair:4   | Reached ****** piety under Ru
 27241 | Lair:4   | Identified the +12 war axe of Ynirado {pain, Int+2 Dex+3}
 27833 | Lair:5   | Reached skill level 5 in Spellcasting
 28701 | Lair:5   | Reached skill level 15 in Earth Magic
 28898 | Lair:5   | Found a runed translucent door.
 28899 | Lair:5   | Found a staircase to the Slime Pits.
 29137 | Lair:5   | Reached XP level 14. HP: 106/106 MP: 15/21
 29202 | Lair:6   | Entered Level 6 of the Lair of Beasts
 29876 | D:7      | Killed mhtbhm's ghost
 29878 | D:7      | Killed biomisha's ghost
 30402 | Lair:6   | Noticed a dire elephant
 30456 | Lair:6   | Killed a dire elephant
 31237 | Lair:5   | Upgraded the game from 0.27-a0-773-gaaee5cf45b to
                  | 0.27-a0-819-g058290f16d
 31959 | Lair:5   | Learned a level 4 spell: Petrify
 32958 | Lair:6   | Reached skill level 10 in Spellcasting
 33026 | Lair:6   | Reached skill level 16 in Earth Magic
 33384 | Lair:6   | Reached XP level 15. HP: 42/92 MP: 10/26
 33760 | Lair:6   | Found a burning altar of Makhleb.
 33766 | Lair:6   | Found a gateway to Hell.
 34117 | Orc:1    | Noticed an orc warlord
 34308 | D:9      | Upgraded the game from 0.27-a0-819-g058290f16d to
                  | 0.27-a0-998-g4cfe56dd59
 34319 | Orc:1    | Noticed an orc warlord
 34322 | Orc:1    | Killed an orc warlord
 34329 | Orc:1    | Killed an orc warlord
 34330 | Orc:1    | Reached skill level 17 in Earth Magic
 34330 | Orc:1    | Killed an orc warlord
 34339 | Orc:1    | Killed an orc warlord
 34731 | Orc:2    | Entered Level 2 of the Orcish Mines
 34742 | Orc:2    | Found Jesilit's General Store.
 34751 | Orc:2    | Bought a throwing net for 30 gold pieces
 34751 | Orc:2    | Bought a potion of resistance for 100 gold pieces
 34751 | Orc:2    | Bought a scroll of teleportation for 30 gold pieces
 34751 | Orc:2    | Bought a scroll of magic mapping for 35 gold pieces
 34751 | Orc:2    | Bought a potion of mutation for 80 gold pieces
 34827 | Orc:2    | Learned a level 5 spell: Iskenderun's Battlesphere
 34946 | Orc:1    | Reached skill level 1 in Conjurations
 35223 | Orc:2    | Found Sariu's Antique Armour Boutique.
 35318 | Orc:2    | Found Aheibi's Antique Weapon Shop.
 35338 | Orc:2    | Found Cugisk's Antique Armour Emporium.
 35442 | Orc:2    | Found a staircase to the Elven Halls.
 35520 | Orc:2    | Found Vuimag's Distillery.
 36605 | Orc:2    | Reached skill level 5 in Conjurations
 36843 | Orc:2    | Found Wuqun's Jewellery Boutique.
 36843 | Orc:2    | Found Dowemnuj's Armour Boutique.
 36844 | Orc:2    | Found Nonoitt's General Store.
 36844 | Orc:2    | Found Ewkibrob's Weapon Boutique.
 36859 | Orc:2    | Bought a +4 ring of protection for 540 gold pieces
 36860 | Orc:2    | Bought a +6 ring of dexterity for 877 gold pieces
 38045 | D:11     | Killed Gastronok
 38180 | D:12     | Found a gate leading to a gauntlet.
 38185 | Gauntlet | Entered a Gauntlet
 38185 | Gauntlet | Found a transporter.
 38202 | Gauntlet | Found a transporter.
 38205 | Gauntlet | Found a transporter.
 38206 | Gauntlet | Found a transporter.
 38216 | Gauntlet | Found a transporter.
 38219 | Gauntlet | Found a transporter.
 38220 | Gauntlet | Found a transporter.
 38232 | Gauntlet | Found a transporter.
 38233 | Gauntlet | Found a transporter.
 38233 | Gauntlet | Found a transporter.
 38244 | Gauntlet | Found a transporter.
 38244 | Gauntlet | Found a transporter.
 38245 | Gauntlet | Found a transporter.
 38253 | Gauntlet | Found a transporter.
 38559 | Gauntlet | Reached skill level 18 in Earth Magic
 38685 | Gauntlet | Identified the +2 ring mail of Hysteria {rPois Str+4}
 38723 | Gauntlet | Identified the +1 robe of the Blind Marksman {rCorr Str-2
                  | SInv Stlth-}
 38919 | D:12     | Reached XP level 16. HP: 107/108 MP: 7/27
 39975 | D:13     | Noticed Kirke
 39981 | D:13     | Killed Kirke
 40363 | D:13     | Reached skill level 19 in Earth Magic
 40568 | D:13     | Identified the +9 quarterstaff of Dismay {pain, Str+4 SInv}
 41027 | D:14     | Found an ornate altar of the Wu Jian Council.
 41756 | D:14     | Found a gate to the Vaults.
 42171 | D:15     | Entered Level 15 of the Dungeon
 43025 | D:15     | Reached skill level 20 in Earth Magic
 43725 | D:15     | Found a staircase to the Depths.
 44020 | Snake:1  | Entered Level 1 of the Snake Pit
 44020 | Snake:1  | Found a frozen archway.
 44132 | IceCv    | Entered an ice cave
 44226 | IceCv    | Learned a level 5 spell: Bolt of Magma
 45185 | IceCv    | Noticed an Ice Fiend
 45186 | IceCv    | Killed an Ice Fiend
 45187 | IceCv    | Reached XP level 17. HP: 94/110 MP: 19/27
 45256 | IceCv    | Found the +3 pair of seven-league boots {Rampage+∞}
 45268 | IceCv    | Upgraded the game from 0.27-a0-998-g4cfe56dd59 to
                  | 0.27-a0-1084-g78b3836a5f
 45275 | IceCv    | Learned a level 6 spell: Statue Form
 45281 | IceCv    | Learned a level 5 spell: Borgnjor's Vile Clutch
 45728 | Snake:1  | Found Gurphuxt's Assorted Antiques.
 45903 | Snake:1  | Bought a yellow potion for 30 gold pieces
 45976 | Snake:1  | Reached skill level 1 in Fire Magic
 46294 | Snake:1  | Reached skill level 21 in Earth Magic
 47218 | Snake:2  | Upgraded the game from 0.27-a0-1084-g78b3836a5f to
                  | 0.27-a0-1090-gb115f176c6
 47406 | Snake:2  | Noticed Vashnia
 47431 | Snake:2  | Killed Vashnia
 47978 | Snake:2  | Reached skill level 5 in Fire Magic
 48497 | Snake:2  | Found Esiof's Armour Shoppe.
 50206 | Snake:4  | Entered Level 4 of the Snake Pit
 50856 | Snake:4  | Found Busawafe's Book Shop.
 50860 | Snake:4  | Found Lycsaf's Book Boutique.
 51077 | Snake:4  | Reached skill level 22 in Earth Magic
 51116 | Snake:4  | Noticed Louise
 51125 | Snake:4  | Killed Louise
 51322 | Snake:4  | Reached XP level 18. HP: 122/122 MP: 18/28
 53029 | Snake:4  | Reached skill level 23 in Earth Magic
 54228 | Snake:4  | Got a serpentine rune of Zot
 54516 | Shoals:1 | Entered Level 1 of the Shoals
 54630 | Shoals:1 | Upgraded the game from 0.27-a0-1090-gb115f176c6 to
                  | 0.27-a0-1529-g1e82c303ef
 55689 | Shoals:2 | Upgraded the game from 0.27-a0-1529-g1e82c303ef to
                  | 0.27-a0-1591-gc56fcc985a
 56228 | Shoals:2 | Upgraded the game from 0.27-a0-1591-gc56fcc985a to
                  | 0.28-a0-119-ga52ba8600a
 56488 | Shoals:2 | Reached XP level 19. HP: 100/102 MP: 16/29
 56655 | Shoals:2 | Found a runed translucent door.
 57404 | Shoals:2 | Identified a scroll of acquirement
 57474 | Shoals:2 | Acquired a +1 hat of willpower
 57538 | Shoals:3 | Noticed Bai Suzhen
 57728 | Shoals:3 | Killed Bai Suzhen
 58089 | Shoals:3 | Reached skill level 25 in Earth Magic
 58089 | Shoals:3 | Upgraded the game from 0.28-a0-119-ga52ba8600a to
                  | 0.30-a0-23-ge60ba3568b
 58122 | Shoals:3 | Found a runed translucent gate.
 58122 | Shoals:3 | Found a runed translucent gate.
 58122 | Shoals:3 | Found a runed translucent gate.
 58122 | Shoals:3 | Noticed Glennnyy's ghost (adept GrFi)
 58123 | Shoals:3 | Noticed Wano's ghost (adept DrTm)
 58139 | Shoals:3 | Noticed finalsalamander's ghost (adept HOMo)
 58139 | Shoals:3 | Noticed Todgh's ghost (adept GrFi)
 58140 | Shoals:3 | Noticed Meemmurr's ghost (adept GnDe)
 58287 | Shoals:3 | Upgraded the game from 0.30-a0-23-ge60ba3568b to
                  | 0.30-a0-122-g2a1322497e
 58473 | Shoals:3 | Upgraded the game from 0.30-a0-122-g2a1322497e to
                  | 0.30-a0-165-g1891117ce2
 59451 | Shoals:3 | Killed Meemmurr's ghost
 59536 | Shoals:1 | Killed Todgh's ghost
 59652 | Shoals:3 | Got the Compendium of Confrontation
 59680 | Shoals:3 | Identified the +8 arbalest "Hell-Harrower" {elec, rC+
                  | Int+3}
 59784 | Shoals:4 | Entered Level 4 of the Shoals
 59878 | Shoals:3 | Killed Wano's ghost
 59973 | Shoals:3 | Killed Glennnyy's ghost
 60442 | Shoals:4 | Reached skill level 15 in Fighting
 60745 | Shoals:4 | Got Acvox's Handbook of the Jaunt and the Blizzard
 61828 | Shoals:4 | Got a barnacled rune of Zot
 62482 | Shoals:4 | Found Nuurootz's Needful Niceties.
 62506 | Shoals:4 | Upgraded the game from 0.30-a0-165-g1891117ce2 to
                  | 0.31-a0-210-gccc998df9b
 62656 | Shoals:4 | Learned a level 1 spell: Foxfire
 63123 | Elf:1    | Entered Level 1 of the Elven Halls
 63123 | Elf:1    | Found a runed translucent gate.
 63123 | Elf:1    | Found a runed translucent gate.
 63123 | Elf:1    | Found a runed translucent gate.
 63123 | Elf:1    | Found a runed translucent gate.
 63123 | Elf:1    | Found a runed translucent gate.
 63123 | Elf:1    | Found a runed translucent gate.
 63124 | Elf:1    | Found a runed translucent door.
 63126 | Elf:1    | Found a runed translucent door.
 63207 | Elf:1    | Reached XP level 20. HP: 148/148 MP: 30/30
 63370 | Elf:1    | Got the Guide on Injury
 63427 | Elf:1    | Found Kate's Jewellery Shop.
 63427 | Elf:1    | Found Paeh's Book Shoppe.
 63428 | Elf:1    | Found Niklaz's Jewellery Shop.
 63822 | Elf:1    | You fall into a shaft and drop 1 floor!
 64159 | Elf:2    | Found a huge runed translucent gate.
 64160 | Elf:2    | Found a huge runed translucent gate.
 64161 | Elf:2    | Found a huge runed translucent gate.
 64162 | Elf:2    | Found a huge runed translucent gate.
 64163 | Elf:2    | Found a huge runed translucent gate.
 64901 | Elf:2    | Found Bimadas's Jewellery Shoppe.
 64909 | Elf:2    | Bought the ring "Jojolesch" {Will+ AC+4} for 1020 gold
                  | pieces
 65137 | Elf:2    | Noticed Saint Roka
 65153 | Elf:2    | Killed Saint Roka
 65436 | Orc:2    | Bought a potion of haste for 160 gold pieces
 65436 | Orc:2    | Bought a potion of curing for 48 gold pieces
 65436 | Orc:2    | Bought a potion of heal wounds for 80 gold pieces
 65436 | Orc:2    | Bought a potion of magic for 128 gold pieces
 65436 | Orc:2    | Bought a potion of curing for 48 gold pieces
 65436 | Orc:2    | Bought a potion of haste for 160 gold pieces
 65436 | Orc:2    | Bought a potion of magic for 128 gold pieces
 65520 | Elf:1    | Paralysed by an air elemental for 1 turns
 65752 | Elf:1    | Identified the +1 short sword "Bieminir" {heavy, *Corrode
                  | rElec MP+9}
 65927 | Elf:3    | Entered Level 3 of the Elven Halls
 66206 | Elf:3    | Identified the +9 spear "Husmeyp" {freeze, Fly rPois rC-
                  | MP+9}
 66464 | Elf:3    | Reached XP level 21. HP: 153/153 MP: 15/31
 66948 | Elf:3    | Identified the +2 leather armour of Recklessness {Dex+3}
 66948 | Elf:3    | Identified the ring "Xayxtubb" {rC+ rCorr Str+6}
 66969 | Elf:3    | Identified the ring of Suidob {*Slow rC+ rCorr Dex+3}
 66969 | Elf:3    | Identified the +7 mace of the Imbibing Wolf {freeze, rF+
                  | rC- Str-3 Int+8}
 66969 | Elf:3    | Identified the ring "Synegg" {rPois rN+ Int+2 SInv}
 67121 | Elf:3    | Identified the +3 ring mail of Lugonu's Envy {rPois rF++
                  | rC- Will+}
 67131 | Elf:3    | Found the +3 crown of Dyrovepreva {rElec Int+2 SInv}
 67133 | Elf:3    | Got Hefuv's Compilation of Crystallized Energy
 67175 | Elf:3    | Got the Papyrus of Deathly Ill Luck
 67482 | Elf:3    | Learned a level 2 spell: Blink
 67786 | Vaults:1 | Entered Level 1 of the Vaults
 68313 | Vaults:1 | Noticed Zenata
 68322 | Vaults:1 | Killed Zenata
 68455 | Vaults:1 | Reached skill level 15 in Dodging
 69269 | Vaults:1 | Identified the +0 cloak "Zutatt" {rElec rPois MP+9 Int-2}
 69638 | Vaults:2 | Reached XP level 22. HP: 172/172 MP: 33/33
 70159 | Vaults:2 | Reached skill level 5 in Transmutations
 70260 | Vaults:2 | Found a staircase to the Crypt.
 70319 | Vaults:2 | You fall into a shaft and drop 2 floors!
 70327 | Vaults:4 | Found Ysof's Magic Scroll Shop.
 70352 | Vaults:4 | Bought a scroll of teleportation for 39 gold pieces
 70352 | Vaults:4 | Bought a scroll of teleportation for 39 gold pieces
 70352 | Vaults:4 | Bought a scroll of teleportation for 39 gold pieces
 70352 | Vaults:4 | Bought a scroll of teleportation for 39 gold pieces
 70656 | Vaults:3 | Found a large runed translucent door.
 70656 | Vaults:3 | Found a large runed translucent door.
 70657 | Vaults:3 | Found a large runed translucent door.
 70657 | Vaults:3 | Found a large runed translucent door.
 70657 | Vaults:3 | Noticed jasper's ghost (adept OgAE)
 70658 | Vaults:3 | Found a large runed translucent door.
 70658 | Vaults:3 | Found a large runed translucent door.
 70659 | Vaults:3 | Found a large runed translucent door.
 70659 | Vaults:3 | Found a large runed translucent door.
 70994 | Vaults:2 | Identified the amulet of the Four Shouting Yaks {Acrobat
                  | Str+7}
 71447 | Vaults:3 | Noticed Jory
 71457 | Vaults:3 | Killed Jory
 71643 | Vaults:3 | Noticed Boris
 71795 | Vaults:3 | Learned a level 7 spell: Dragon Form
 71973 | Vaults:3 | Killed Boris
 72360 | Vaults:3 | Noticed Margery
 72395 | Vaults:3 | Killed Margery
 73796 | Vaults:4 | Found Loof's Armour Emporium.
 74178 | Vaults:4 | Found Leixko's Armour Emporium.
 74339 | Vaults:4 | Found Aseimaot's General Store.
 74342 | Vaults:4 | Bought a scroll of poison for 72 gold pieces
 74342 | Vaults:4 | Bought a scroll of teleportation for 54 gold pieces
 74784 | Depths:1 | Entered Level 1 of the Depths
 74986 | Depths:1 | Reached XP level 23. HP: 169/169 MP: 34/34
 75302 | Depths:1 | Found a one-way gateway to a ziggurat.
 75479 | Depths:1 | Found a large runed translucent door.
 75482 | Depths:1 | Found a large runed translucent door.
 75483 | Depths:1 | Found a large runed translucent door.
 75484 | Depths:1 | Found a large runed translucent door.
 75523 | Depths:1 | Found a large runed translucent door.
 75524 | Depths:1 | Found a large runed translucent door.
 75811 | Depths:1 | Found a large runed translucent door.
 75814 | Depths:1 | Found a large runed translucent door.
 76002 | Depths:1 | Found Eciolob's Book Boutique.
 76062 | Depths:1 | Found a one-way gate to the infinite horrors of the Abyss.
 76166 | Depths:1 | Found a white marble altar of Elyvilon.
 76390 | Depths:1 | Reached skill level 10 in Transmutations
 77167 | Depths:2 | Noticed Aizul
 77168 | Depths:2 | Noticed a golden dragon
 77265 | Depths:2 | Identified the +8 quarterstaff of Lukkown {freeze, *Slow
                  | Str-4 Int+6}
 77272 | Depths:1 | Killed Aizul
 77319 | Depths:2 | Killed a golden dragon
 77648 | Depths:2 | Identified the staff of the Weak God {rC+ Dex+4 Ice}
 77649 | Depths:2 | Identified the +2 rapier "Xuhicve" {heavy, Int-2 Dex+6}
 77652 | Depths:2 | Identified the staff "Futa" {rN+ Dex+3 SInv Necro}
 77958 | Depths:2 | Noticed Sojobo
 77970 | Depths:2 | Killed Sojobo
 77975 | Depths:2 | Reached XP level 24. HP: 156/156 MP: 35/35
 78060 | Depths:2 | Found Hoqo's Elemental Accessories.
 78104 | Depths:2 | Bought a wand of iceblast (3) for 108 gold pieces
 78412 | Depths:2 | Found a one-way gate leading to the halls of Pandemonium.
 80234 | Depths:3 | Reached skill level 15 in Transmutations
 80483 | Depths:3 | Noticed a juggernaut
 80489 | Depths:3 | Killed a juggernaut
 80657 | Depths:3 | Got the Encyclopedia of the Winter
 80658 | Depths:3 | Identified the +4 rapier of Mordant Purpose {pain, rElec
                  | Int+8}
 80964 | Depths:3 | Identified the +5 ring mail of Jimyxes {Dex+5}
 81347 | Depths:3 | Found Syckacol's Distillery.
 81351 | Depths:3 | Bought a potion of curing for 60 gold pieces
 81351 | Depths:3 | Bought a potion of berserk rage for 100 gold pieces
 81351 | Depths:3 | Bought a potion of heal wounds for 100 gold pieces
 81351 | Depths:3 | Bought a potion of magic for 160 gold pieces
 81351 | Depths:3 | Bought a potion of curing for 60 gold pieces
 81351 | Depths:3 | Bought a potion of curing for 60 gold pieces
 81368 | Depths:3 | Found a glowing silver altar of Zin.
 81368 | Depths:3 | Found a white marble altar of Elyvilon.
 81369 | Depths:3 | Found a glowing golden altar of the Shining One.
 81470 | Depths:4 | Found a gate to the Realm of Zot.
 82628 | Depths:4 | Reached skill level 1 in Unarmed Combat
 82638 | Depths:4 | Noticed a caustic shrike
 82651 | Depths:4 | Killed a caustic shrike
 82760 | Depths:4 | Identified the +0 pair of boots of Kiguugux {Rampage}
 82768 | Depths:4 | Identified the +4 hand axe of Eternal Vigilance {flame,
                  | *Slow Int+5}
 83312 | Depths:4 | Reached skill level 5 in Unarmed Combat
 83312 | Depths:4 | Reached XP level 25. HP: 174/174 MP: 29/35
 83526 | Depths:4 | Noticed a dread lich
 83544 | Depths:4 | Killed a dread lich
 83755 | Depths:5 | Entered Level 5 of the Depths
 84467 | Depths:5 | Found Qillae Amis's One-of-a-Kind Books.
 84498 | Depths:5 | Bought the Incunabulum of Austromancy and Wounds for 672
                  | gold pieces
 84505 | Depths:5 | Learned a level 6 spell: Leda's Unmaking
 84830 | Depths:5 | Reached skill level 10 in Unarmed Combat
 84904 | Depths:5 | Found a gate to the Realm of Zot.
 86135 | Vaults:5 | Entered Level 5 of the Vaults
 86651 | Vaults:5 | Identified the ring of Mistrust {Will+ rCorr Int-2 Dex+2}
 86653 | Vaults:5 | Reached XP level 26. HP: 157/200 MP: 31/35
 87052 | Vaults:5 | Identified the +8 dagger of Xuts {elec, rC+ rN+++ rCorr
                  | Stlth-}
 87213 | Vaults:5 | Identified the +7 broad axe of the Kissing Gods {heavy,
                  | Int+2}
 87282 | Vaults:5 | Noticed a dread lich
 87294 | Vaults:5 | Killed a dread lich
 87609 | Vaults:5 | Identified the +2 battleaxe of Departure {spect, Int+3
                  | Dex+2}
 87636 | Vaults:5 | Identified the +2 helmet "Godirot" {Int-2 Dex+7}
 87895 | Vaults:5 | Got a silver rune of Zot
 87941 | Vaults:5 | Identified the +1 robe of the Cricket {Fly rElec}
 87990 | Vaults:5 | Identified the +1 robe "Luntyuve" {rF+ Str+6}
 88094 | Vaults:5 | Reached skill level 15 in Unarmed Combat
 88547 | Vaults:3 | Killed jasper's ghost
 89151 | Snake:1  | Bought a potion of heal wounds for 170 gold pieces
 89282 | Orc:2    | Bought a scroll of teleportation for 45 gold pieces
 89568 | Crypt:1  | Entered Level 1 of the Crypt
 90586 | Crypt:1  | Learned a level 3 spell: Vhi's Electric Charge
 90593 | Crypt:1  | Learned a level 4 spell: Manifold Assault
 90736 | Crypt:2  | Reached skill level 1 in Translocations
 90754 | Crypt:2  | Found a magical portal.
 90763 | WizLab   | Entered Doroklohe's Tomb
 90991 | WizLab   | Noticed a dread lich
 91010 | WizLab   | Killed a dread lich
 91237 | WizLab   | Identified the +0 robe "Wizaorph" {rN+ Archmagi}
 91984 | Crypt:3  | Entered Level 3 of the Crypt
 92051 | Crypt:3  | Reached XP level 27. HP: 207/207 MP: 28/35
 92493 | Crypt:3  | Identified the ring "Suess" {Fire +Blink Will++}
 92589 | Crypt:3  | Reached skill level 5 in Translocations
 92747 | Crypt:3  | Identified the +1 long sword "Murmur" {venom, rN+ MP+9}
 93014 | Crypt:3  | Noticed Boris
 93039 | Crypt:3  | Killed Boris
 93096 | Crypt:3  | Identified the +1 pair of boots of the Leaf {rElec rC+
                  | Stlth+}
 93349 | Crypt:3  | Found a staircase to the Tomb.
 93364 | Crypt:3  | Noticed a dread lich
 93375 | Crypt:3  | Killed a dread lich
 93427 | Crypt:3  | Identified the +0 dagger of Duqoefif {drain, Stlth+}
 93984 | Zot:1    | Entered Level 1 of the Realm of Zot
 94640 | Zot:5    | Entered Level 5 of the Realm of Zot
 95319 | Zot:5    | Noticed an orb of fire
 95330 | Zot:5    | Killed an orb of fire
 95344 | Zot:5    | Noticed an ancient lich
 95349 | Zot:5    | Killed an ancient lich
 95383 | Zot:5    | Noticed an orb of fire
 95394 | Zot:5    | Killed an orb of fire
 95433 | Zot:5    | Noticed a dread lich
 95461 | Zot:5    | Killed a dread lich
 95581 | Zot:5    | Noticed a dread lich
 95585 | Zot:5    | Killed a dread lich
 95835 | Zot:5    | Got the Orb of Zot
 96130 | Depths:1 | Gained mutation: You are dopey. (Int -2) [a neqoxec]
 96429 | D:3      | Noticed a seraph
 96453 | D:$      | Escaped with the Orb!

Vanquished Creatures
  Bai Suzhen (Shoals:3)
  6 dread liches
  Vashnia (Snake:2)
  2 orbs of fire (Zot:5)
  An ancient lich (Zot:5)
  A juggernaut (Depths:3)
  Sojobo (Depths:2)
  A Killer Klown (Zot:5)
  Margery (Vaults:3)
  Boris (twice) (Vaults:3 Crypt:3)
  Saint Roka (Elf:2)
  An Ice Fiend (IceCv)
  A caustic shrike (Depths:4)
  A curse toe (Zot:5)
  The ghost of jasper the Stormcaller, an adept OgAE of Cheibriados (Vaults:3)
  6 golden dragons
  Gastronok (D:11)
  5 krakens
  2 bone dragons
  Jory (Vaults:3)
  A Tzitzimitl (D:9)
  Kirke (D:13)
  An electric golem (Zot:5)
  5 nagarajas (Snake:4)
  A Hell Sentinel (D:8)
  8 liches
  7 tentacled monstrosities
  A walking crystal tome (Depths:5)
  5 titans
  Zenata (Vaults:1)
  22 Orb Guardians (Zot:5)
  5 orc warlords
  A walking earthen tome (Depths:2)
  4 deep elf blademasters (Elf:3)
  A walking divine tome (Depths:3)
  Louise (Snake:4)
  2 deep elf master archers (Elf:3)
  3 quicksilver dragons
  A walking frostbound tome (Depths:4)
  10 sphinxes
  3 Executioners
  3 ancient champions
  19 tengu reavers
  The ghost of Meemmurr the Covert, an adept GnDe of Okawaru (Shoals:3)
  2 draconian monks
  A shadow dragon (shapeshifter) (Vaults:5)
  A rockslime (shapeshifter) (Depths:4)
  6 shadow dragons
  The ghost of Wano the Alchemist, an adept DrTm of Wu Jian (Shoals:3)
  A revenant (Crypt:3)
  11 fire giants
  The ghost of Todgh the Fighter, an adept GrFi of Ashenzari (Shoals:1)
  10 storm dragons
  10 frost giants
  6 dire elephants
  A draconian knight (Zot:4)
  An iron dragon (Depths:3)
  The ghost of Glennnyy the Warrior, an adept GrFi of Fedhas (Shoals:3)
  2 ghost moths (Zot:4)
  A minotaur (Gauntlet)
  6 deep elf sorcerers
  A juggernaut zombie (Depths:2)
  19 vault wardens
  3 curse skulls
  2 draconian shifters (Depths:5)
  6 merfolk javelineers
  5 deep elf elementalists (Elf:3)
  3 spriggan defenders
  16 ironbound preservers
  Aizul (Depths:1)
  2 reapers
  2 formless jellyfish
  9 merfolk impalers
  5 ironbound thunderhulks
  14 stone giants
  45 very ugly things
  6 war gargoyles
  7 vampire knights
  7 deep elf demonologists
  4 black draconians
  4 green draconians
  4 purple draconians
  3 white draconians (Zot:4)
  4 yellow draconians
  11 spark wasps
  7 deep elf annihilators
  26 hydras
  3 red draconians
  2 hell beasts
  15 naga warriors
  4 boulder beetles
  3 salamander tyrants (Snake:4)
  A mummy priest (WizLab)
  7 anacondas
  2 crystal guardians (Vaults:3)
  4 eidola
  5 merfolk avatars
  A green death (Depths:4)
  An entropy weaver (shapeshifter) (Depths:4)
  7 deep elf death magi
  13 ettins
  15 fire dragons
  11 merfolk aquamancers
  A death knight (D:15)
  10 jiangshi
  8 centaur warriors
  2 entropy weavers
  8 deep elf high priests
  A death scarab (Gauntlet)
  An ice dragon (shapeshifter) (Vaults:5)
  4 ice dragons
  5 rakshasas
  2 spriggan zombies
  12 yaktaur captains
  6 great orbs of eyes
  8 spriggan air magi
  13 death yaks
  A two-headed ogre (D:13)
  A spriggan skeleton (Crypt:3)
  29 vault guards
  7 ironbound frosthearts
  A jorogumo (shapeshifter) (Depths:4)
  3 peacekeepers
  17 naga sharpshooters
  A catoblepas (shapeshifter) (Vaults:5)
  A fenstrider witch skeleton (Crypt:3)
  5 shock serpents
  An anaconda (shapeshifter) (Vaults:5)
  A satyr (shapeshifter) (Depths:4)
  5 orc high priests (Orc:2)
  2 alligator snapping turtles (Shoals:4)
  13 deep troll earth magi
  9 tengu warriors
  A satyr (Shoals:3)
  28 dancing weapons
  11 vampire magi
  A titan zombie (Crypt:3)
  13 deep troll shamans
  The ghost of mhtbhm the Cleaver, a novice GrFi of Okawaru (D:7)
  A demonic crawler (Zot:5)
  A hell hog (Depths:5)
  2 spriggans
  10 spriggan berserkers
  A soul eater (Depths:5)
  21 deep elf knights
  The ghost of biomisha the Cleaver, a novice HOMo of Beogh (D:7)
  15 hell knights
  4 salamander mystics
  14 iron trolls
  A fire crab (shapeshifter) (Elf:3)
  2 sixfirhies
  A spark wasp zombie (WizLab)
  35 skeletal warriors
  A titan skeleton (Crypt:1)
  69 deep trolls
  6 glowing orange brains
  2 flayed ghosts
  An anaconda zombie (Crypt:1)
  A tengu zombie (WizLab)
  9 lindwurms
  5 phantasmal warriors
  14 wizards
  7 naga ritualists
  13 sea snakes
  11 necromancers
  15 deep elf archers
  A sphinx zombie (WizLab)
  24 ironbound convokers
  31 harpies
  45 deep elf zephyrmancers
  A mana viper (shapeshifter) (Depths:4)
  A wolf spider zombie (D:14)
  2 orc sorcerers
  9 orc knights
  5 mana vipers
  2 iron dragon zombies (Crypt:2)
  28 deep elf pyromancers
  13 fauns
  An anaconda skeleton (Crypt:1)
  A salamander (shapeshifter) (Elf:1)
  A jorogumo zombie (Crypt:1)
  A cyclops (shapeshifter) (Depths:4)
  A shadow dragon skeleton (Crypt:2)
  3 fire giant zombies
  2 stone giant zombies (WizLab)
  54 ugly things
  13 manticores
  12 cyclopes
  2 oklob plants
  5 moths of wrath
  2 iron dragon skeletons (Crypt:1)
  A frost giant zombie (WizLab)
  11 salamanders
  14 elephants
  10 merfolk sirens
  A moth of wrath (shapeshifter) (Depths:5)
  7 fire giant skeletons (Crypt:3)
  2 guardian serpents (Snake:2)
  3 rust devils
  25 black mambas
  A guardian serpent (shapeshifter) (Depths:4)
  A smoke demon (Depths:4)
  A demonspawn zombie (WizLab)
  Maurice (D:11)
  17 vault sentinels
  A cane toad (shapeshifter) (Depths:4)
  6 orange demons
  3 water nymphs
  A dire elephant skeleton (Crypt:3)
  20 naga magi (Snake:4)
  5 gargoyles
  A shock serpent skeleton (Crypt:1)
  9 cane toads
  A dire elephant zombie (Crypt:1)
  16 yaktaurs
  A kobold demonologist (Depths:3)
  8 unseen horrors
  3 human zombies
  7 komodo dragons
  A yaktaur zombie (WizLab)
  5 tengu conjurers
  6 rime drakes
  An efreet (D:15)
  10 freezing wraiths
  2 harpy zombies (Crypt:3)
  8 trolls
  7 ice devils
  A troll (shapeshifter) (Depths:4)
  6 meliai
  An anaconda simulacrum (IceCv)
  5 guardian mummies
  A queen bee (D:15)
  2 golden dragon simulacra (IceCv)
  A queen bee (shapeshifter) (Depths:4)
  4 red devils
  2 wind drakes (shapeshifter) (Depths:4)
  4 polar bears
  30 merfolk
  A wolf spider simulacrum (D:15)
  10 wind drakes
  21 blink frogs
  A tyrant leech (Lair:5)
  24 slime creatures
  4 hornets
  10 dream sheep
  3 ettin zombies
  3 harpy skeletons
  12 snapping turtles
  Sigmund (D:2)
  A slime creature (shapeshifter) (Elf:2)
  10 fire dragon skeletons
  A merfolk skeleton (Crypt:3)
  2 air elementals
  An ushabti (Crypt:3)
  A redback (shapeshifter) (D:14)
  A vampire (D:14)
  26 water elementals
  9 wraiths
  6 shadows
  5 wyverns
  2 ynoxinuls
  5 basilisks
  3 dire elephant simulacra (IceCv)
  75 yaks
  A basilisk (shapeshifter) (Depths:4)
  2 chaos spawn
  3 hogs (D:13)
  A spectral komodo dragon (Gauntlet)
  A fire elemental (Elf:2)
  5 vampire mosquitoes
  4 redbacks
  A death yak simulacrum (IceCv)
  9 wargs
  A harpy simulacrum (IceCv)
  Edmund (D:6)
  An acid dragon (D:12)
  5 iron troll simulacra (IceCv)
  A large abomination (D:9)
  A glowing shapeshifter zombie (WizLab)
  35 nagas
  4 swamp worms
  2 hydra simulacra (IceCv)
  9 hell hounds
  17 water moccasins
  A water nymph skeleton (Crypt:1)
  A floating eye (Depths:2)
  A glowing shapeshifter skeleton (Depths:2)
  5 ice beasts
  63 orc warriors
  3 sky beasts
  A hornet zombie (D:15)
  An ettin simulacrum (IceCv)
  14 ogres
  3 black bears
  2 phantoms
  A tengu (shapeshifter) (Depths:4)
  A wolf (shapeshifter) (Depths:4)
  2 centaurs
  18 wolves
  A torpor snail zombie (Crypt:1)
  4 kobold brigands
  23 bullfrogs
  A bullfrog (shapeshifter) (Depths:4)
  4 earth elementals
  2 gnoll sergeants
  A water moccasin zombie (D:5)
  A glowing shapeshifter simulacrum (Depths:2)
  A human skeleton (Vaults:1)
  A wyvern skeleton (D:12)
  6 scorpions
  2 elephant simulacra (IceCv)
  A warg skeleton (Crypt:1)
  12 killer bees (D:15)
  A shapeshifter skeleton (Crypt:2)
  2 howler monkeys (D:10)
  5 wights (D:12)
  6 electric eels
  A crimson imp (D:6)
  2 bullfrog zombies
  A lava snake (D:7)
  5 draconian simulacra (IceCv)
  12 hounds
  A quasit (D:10)
  10 centaur skeletons
  A bullfrog skeleton (D:13)
  4 centaur zombies
  2 gnoll boudas
  32 orc priests
  3 iron imps (Gauntlet)
  Ijyb (D:5)
  9 jellies
  Jessica (D:3)
  2 iguanas
  A scorpion zombie (Crypt:1)
  Terence (D:3)
  31 orc wizards
  A black bear skeleton (Crypt:2)
  13 hell rats
  7 removed worker ants
  2 troll simulacra (IceCv)
  3 wolf simulacra (IceCv)
  7 ghosts
  2 hound zombies
  11 mummies (Crypt:3)
  20 gnolls
  18 adders
  A naga simulacrum (IceCv)
  An ogre simulacrum (IceCv)
  A shadow imp (D:6)
  A swamp drake skeleton (Crypt:2)
  13 white imps
  4 ufetubi
  2 endoplasms
  3 adder skeletons
  A worm (D:3)
  2 dart slugs (D:1)
  112 orcs
  A removed leopard gecko (D:8)
  10 ball pythons
  10 giant cockroaches
  4 goblins
  5 hobgoblins
  A jackal (shapeshifter) (Depths:4)
  13 jackals
  2 quokkas
  A ball python skeleton (D:4)
  8 bats
  An endoplasm zombie (Crypt:1)
  6 frilled lizards
  A goblin skeleton (Crypt:1)
  A jackal skeleton (Crypt:2)
  19 kobolds
  20 rats
  3 ball lightnings (Vaults:3)
  14 tentacles
2544 creatures vanquished.

Vanquished Creatures (others)
  A kraken (Shoals:1)
  A shadow dragon (Depths:2)
  A stone giant (Depths:1)
  A purple draconian (Depths:5)
  2 deep elf annihilators
  A blizzard demon (Depths:5)
  2 ettins
  A fire dragon (Depths:1)
  A vault guard (Vaults:3)
  An ironbound frostheart (Vaults:1)
  A naga sharpshooter (Snake:4)
  A dancing weapon (Elf:2)
  An iron troll (Depths:3)
  A deep elf archer (Elf:1)
  2 lindwurms
  A wizard (Depths:1)
  An orc knight (Vaults:4)
  A deep elf pyromancer (Elf:1)
  2 deep elf zephyrmancers (Elf:1)
  2 harpies (Vaults:2)
  A steelbarb worm (shapeshifter) (Vaults:3)
  A salamander (Snake:4)
  An elf zombie (Vaults:1)
  A gargoyle (D:15)
  A tengu conjurer (Depths:2)
  A merfolk (Shoals:4)
  A water elemental (Shoals:3)
  3 bullfrogs
  A hound (D:12)
  2 white imps (IceCv)
  An ufetubus (IceCv)
  An orc (Vaults:5)
  A ball lightning (Vaults:3)
  30 foxfires
  66 tentacles
137 creatures vanquished.

Grand Total: 2681 creatures vanquished

Table legend: (Time is in decaauts)
 A = Elapsed time spent in this place.
 B = Non-inter-level travel time spent in this place.
 C = Inter-level travel time spent in this place.
 D = Time resting spent in this place.
 E = Time spent auto-exploring this place.
 F = Levels seen in this place.
 G = Mean time per level.
                   A        B        C        D        E       F      G
               +--------+--------+--------+--------+--------+-----+--------+
         Total | 101160 |  94156 |   7004 |  37118 |  32127 |  58 | 1744.1 |
       Dungeon |  24562 |  22043 |   2519 |   8688 |   9080 |  15 | 1637.5 |
        Temple |    203 |    193 |     10 |      0 |    192 |   1 |  203.0 |
          Lair |  17018 |  15766 |   1252 |   8593 |   4649 |   6 | 2836.3 |
        Shoals |   9306 |   8858 |    448 |   3594 |   2147 |   4 | 2326.5 |
     Snake Pit |   9358 |   9107 |    251 |   4620 |   2857 |   4 | 2339.5 |
  Orcish Mines |   3156 |   2876 |    280 |   1172 |    981 |   2 | 1578.0 |
   Elven Halls |   5333 |   4946 |    387 |   1397 |   1674 |   3 | 1777.7 |
        Vaults |  11295 |  10452 |    843 |   2829 |   4151 |   5 | 2259.0 |
         Crypt |   3849 |   3758 |     91 |    490 |   2221 |   3 | 1283.0 |
        Depths |  12293 |  11430 |    863 |   4041 |   3524 |   5 | 2458.6 |
           Zot |   1996 |   1938 |     58 |    491 |     13 |   5 |  399.2 |
         Trove |     43 |     43 |      0 |      0 |      0 |   1 |   43.0 |
         Sewer |    400 |    400 |      0 |     92 |    188 |   1 |  400.0 |
      Ice Cave |   1172 |   1172 |      0 |    660 |    192 |   1 | 1172.0 |
        Wizlab |    580 |    580 |      0 |    238 |     77 |   1 |  580.0 |
      Gauntlet |    588 |    588 |      0 |    210 |    179 |   1 |  588.0 |
               +--------+--------+--------+--------+--------+-----+--------+

Top non-repeatable levels by time:
     D:9: 4763 daAuts
  Lair:5: 4220 daAuts
 Snake:4: 3513 daAuts
  Lair:2: 3299 daAuts
Depths:3: 3179 daAuts
Shoals:4: 3064 daAuts
Depths:1: 2916 daAuts
  Lair:3: 2769 daAuts
Vaults:3: 2577 daAuts
  Lair:1: 2566 daAuts
Vaults:4: 2395 daAuts
 Snake:2: 2353 daAuts
   Elf:2: 2330 daAuts
Shoals:3: 2329 daAuts
Vaults:2: 2322 daAuts

Table legend:
 A = Non-vault XP
 B = Vault XP
 C = Vault XP percentage of total XP
 D = Non-vault monster count
 E = Vault monster count
 F = Vault count percentage of total count
                 A         B        C        D         E       F
            +---------+---------+-------+---------+---------+-------
      Total |  744153 |  679582 |  47.7 |    1572 |     975 |  38.3
            +---------+---------+-------+---------+---------+-------
        D:1 |      27 |       5 |  15.6 |      14 |       5 |  26.3
        D:2 |      38 |     227 |  85.7 |      18 |       1 |   5.3
        D:3 |     106 |      61 |  36.5 |      20 |       6 |  23.1
        D:4 |     486 |      42 |   8.0 |      24 |       5 |  17.2
        D:5 |     849 |      39 |   4.4 |      25 |       1 |   3.8
        D:6 |     427 |     280 |  39.6 |      10 |       3 |  23.1
        D:7 |     713 |    1937 |  73.1 |      27 |       5 |  15.6
        D:8 |     352 |       0 |   0.0 |       9 |       0 |   0.0
        D:9 |    2325 |    1553 |  40.0 |      26 |      31 |  54.4
       D:10 |    2183 |       0 |   0.0 |      29 |       0 |   0.0
       D:11 |    2879 |    2752 |  48.9 |      18 |       2 |  10.0
       D:12 |    6839 |       0 |   0.0 |      29 |       0 |   0.0
       D:13 |    8421 |    2553 |  23.3 |      42 |       4 |   8.7
       D:14 |   10090 |    1118 |  10.0 |      31 |       3 |   8.8
       D:15 |   13501 |    6027 |  30.9 |      38 |      25 |  39.7
     Lair:1 |    3930 |     527 |  11.8 |      13 |       1 |   7.1
     Lair:2 |   10651 |    2738 |  20.4 |      43 |      13 |  23.2
     Lair:3 |    8246 |       0 |   0.0 |      40 |       0 |   0.0
     Lair:4 |    8794 |       0 |   0.0 |      29 |       0 |   0.0
     Lair:5 |   14039 |    1132 |   7.5 |      41 |       9 |  18.0
     Lair:6 |   15693 |   11008 |  41.2 |      41 |      26 |  38.8
   Shoals:1 |   27875 |    1322 |   4.5 |      53 |       1 |   1.9
   Shoals:2 |   11004 |    5025 |  31.3 |      21 |      11 |  34.4
   Shoals:3 |   20365 |    9358 |  31.5 |      43 |       4 |   8.5
   Shoals:4 |   12011 |   24719 |  67.3 |      24 |      36 |  60.0
    Snake:1 |   12116 |    1916 |  13.7 |      20 |       4 |  16.7
    Snake:2 |   13617 |    7255 |  34.8 |      23 |       4 |  14.8
    Snake:3 |    8745 |       0 |   0.0 |      14 |       0 |   0.0
    Snake:4 |   12480 |   40618 |  76.5 |      31 |      57 |  64.8
      Orc:1 |   12871 |       9 |   0.1 |      83 |       5 |   5.7
      Orc:2 |    1416 |   10594 |  88.2 |      26 |      64 |  71.1
      Elf:1 |   19758 |    7020 |  26.2 |      33 |      11 |  25.0
      Elf:2 |   23697 |   24611 |  50.9 |      40 |      44 |  52.4
      Elf:3 |   31640 |   37308 |  54.1 |      49 |      33 |  40.2
   Vaults:1 |   19633 |   23194 |  54.2 |      29 |      32 |  52.5
   Vaults:2 |   17862 |   11765 |  39.7 |      31 |      15 |  32.6
   Vaults:3 |   30743 |   16163 |  34.5 |      45 |      15 |  25.0
   Vaults:4 |   28065 |   31317 |  52.7 |      42 |      38 |  47.5
   Vaults:5 |   32169 |   65663 |  67.1 |      43 |      58 |  57.4
    Crypt:1 |   31995 |    2353 |   6.9 |      51 |       6 |  10.5
    Crypt:2 |   17420 |       0 |   0.0 |      25 |       0 |   0.0
    Crypt:3 |    3390 |   49602 |  93.6 |       1 |      81 |  98.8
   Depths:1 |   37808 |   27182 |  41.8 |      48 |      28 |  36.8
   Depths:2 |   40790 |   35864 |  46.8 |      52 |      32 |  38.1
   Depths:3 |   35945 |   35012 |  49.3 |      42 |      34 |  44.7
   Depths:4 |   36639 |   32370 |  46.9 |      45 |      35 |  43.8
   Depths:5 |   55686 |   36285 |  39.5 |      64 |      45 |  41.3
      Zot:1 |    1690 |     430 |  20.3 |       1 |       1 |  50.0
      Zot:2 |    2442 |    1642 |  40.2 |       2 |       1 |  33.3
      Zot:3 |    7288 |       0 |   0.0 |       7 |       0 |   0.0
      Zot:4 |    4668 |   12021 |  72.0 |       4 |      12 |  75.0
      Zot:5 |   21174 |   62442 |  74.7 |      12 |      28 |  70.0
      Sewer |       0 |      40 | 100.0 |       0 |      15 | 100.0
      IceCv |       0 |    9133 | 100.0 |       0 |      47 | 100.0
     WizLab |       0 |   14857 | 100.0 |       0 |      19 | 100.0
   Gauntlet |     562 |   10493 |  94.9 |       1 |      19 |  95.0
            +---------+---------+-------+---------+---------+-------
